 Dungeon Crawl Stone Soup version 0.30-a0-1074-g5db6f66fbb (webtiles) character file.

Game seed: 15922375893394385212

118 IdlyInterested the Trooper (level 4, -13/38 HPs)
             Began as a Demonspawn Gladiator on Apr 13, 2023.
             Mangled by Blork the orc
             ... wielding a +2 scimitar of electrocution
              (16 damage)
             ... on level 4 of the Dungeon.
             The game lasted 00:05:11 (1958 turns).

IdlyInterested the Trooper (Demonspawn Gladiator)   Turns: 1958, Time: 00:05:12

Health: -13/38     AC:  4    Str: 14    XL:     4   Next: 72%
Magic:  4/4        EV:  9    Int:  9    God:
Gold:   131        SH:  4    Dex: 17    Spells: 3/3 levels left

rFire   . . .      SeeInvis .    w - +2 dagger (elec)
rCold   . . .      Faith    .    (no shield)
rNeg    . . .      Spirit   .    b - +0 leather armour
rPois   .          Reflect  .    c - +0 helmet
rElec   .          Rampage  .    (no cloak)
rCorr   .                        (no gloves)
Will    .....                    (no boots)
Stlth   +                        (no amulet)
HPRegen 0.26/turn                (no ring)
MPRegen 0.09/turn                (no ring)

@: constricted
A: demonic guardian 1, condensation shield
a: no special abilities


You were on level 4 of the Dungeon.
You visited 1 branch of the dungeon, and saw 4 of its levels.

You collected 131 gold pieces.

Inventory:

Hand Weapons
 a - a +0 rapier
 w - a +2 dagger of electrocution (weapon)
Missiles
 d - 3 throwing nets
 e - a javelin
 f - 11 stones
 m - 4 silver boomerangs
 s - 2 boomerangs (quivered)
 u - 4 curare-tipped darts
Armour
 b - a +0 leather armour (worn)
 c - a +0 helmet (worn)
Scrolls
 g - 2 scrolls of enchant armour {unknown}
 h - 3 scrolls of teleportation {unknown}
 k - 2 scrolls of identify {unknown}
 n - 2 scrolls of fog {unknown}
 o - 2 scrolls of butterflies {unknown}
 q - a scroll of torment {unknown}
 t - a scroll of enchant weapon {unknown}
 v - a scroll of poison {unknown}
Potions
 i - 2 potions of experience {unknown}
 j - a potion of attraction {unknown}
 l - a potion of mutation {unknown}
 p - 3 potions of heal wounds {unknown}
 r - a potion of haste {unknown}


   Skills:
 + Level 4.3 Fighting
 * Level 3.0 Short Blades
 - Level 2.0 Throwing
 - Level 3.0 Dodging
 + Level 0.2 Stealth


You had 3 spell levels left.
You didn't know any spells.
Your spell library contained the following spells:

 Spells                   Type           Power      Damage    Failure   Level
 Static Discharge         Conj/Air       0%         2-2/arc   61%         2
 Stone Arrow              Conj/Erth      0%         3d7       83%         3
 Airstrike                Air            0%         2d(0-16)  99%         4
 Fulminant Prism          Conj/Hex       0%         3d5       99%         4
 Summon Lightning Spire   Summ/Air       0%         N/A       99%         4
 Irradiate                Conj/Tmut      0%         3d11      100%        5
 Iskenderun's Battlesphe  Conj           0%         2d6       100%        5


Dungeon Overview and Level Annotations

Branches:
Dungeon (4/15)
 Temple: D:4-7

Altars:

Annotations:
D:4 Blork the orc


Innate Abilities, Weirdness & Mutations

A weak demonic guardian rushes to your aid.
A meltable shield of frost defends you. (SH +4)


Message History

You hit Blork the orc but do no damage.
Blork the orc is moderately wounded.
You hit Blork the orc.
Blork the orc is moderately wounded.
Blork the orc hits you with a +2 scimitar of electrocution.
You hit Blork the orc.
Blork the orc is heavily wounded.
Blork the orc hits you with a +2 scimitar of electrocution!
You hit Blork the orc but do no damage.
Blork the orc is heavily wounded.
You closely miss Blork the orc.
Blork the orc is heavily wounded.
Blork the orc hits you with a +2 scimitar of electrocution!
* * * LOW HITPOINT WARNING * * *
You hit Blork the orc but do no damage.
Lightning courses through Blork the orc!
Blork the orc is almost dead.
The ball python closely misses you. x2
You hit Blork the orc.
Blork the orc is almost dead.
The ball python bites you but does no damage.
You block the ball python's attack. You block Blork the orc's attack.
A quokka comes into view.
You barely miss Blork the orc.
Blork the orc is almost dead.
The ball python bites you but does no damage.
The ball python grabs you. The ball python constricts you.
Blork the orc completely misses you.
You barely miss Blork the orc.
Blork the orc is almost dead.
The ball python bites you.
* * * LOW HITPOINT WARNING * * *
The ball python constricts you.
You barely miss Blork the orc.
Blork the orc is almost dead.
The ball python barely misses you. The ball python constricts you.
Blork the orc hits you with a +2 scimitar of electrocution!
* * * LOW HITPOINT WARNING * * *
A demonic guardian appears!
You are electrocuted!
You die...

... ........ ...
........
..#........
......(...
#####.#...... .
###.#5......# ...
##....S.(....#....
#.....@o....$.....
##..#.....<.#....
# ##....### .
#..#....
#..##..#... #...
.....?.#
#.>..........#
#.............
.#.##.


You could see Blork the orc (poisoned, slow), a ball python (ally target) and a
friendly shadow imp (summoned).

Vanquished Creatures
  A howler monkey (D:3)
  A gnoll (D:1)
  3 adders
  A worm (D:2)
  A dart slug (D:4)
  2 ball pythons
  3 bats
  3 endoplasms
  3 giant cockroaches
  3 goblins
  3 hobgoblins
  3 jackals (D:1)
  2 quokkas
  4 frilled lizards
  A kobold (D:2)
  3 rats
37 creatures vanquished.

Notes
Turn   | Place    | Note
-------+----------+-------------------------------------------
     0 | D:1      | IdlyInterested the Demonspawn Gladiator began the quest for
                  | the Orb.
     0 | D:1      | Reached XP level 1. HP: 16/16 MP: 1/1
   247 | D:1      | Gained mutation: A meltable shield of frost defends you.
                  | (SH +4) [demonic ancestry]
   247 | D:1      | Reached XP level 2. HP: 13/23 MP: 2/2
   380 | D:1      | Got the Octavo of the Discharge
   483 | D:1      | Reached skill level 3 in Fighting
   681 | D:1      | Reached XP level 3. HP: 29/29 MP: 3/3
  1510 | D:3      | Reached skill level 4 in Fighting
  1510 | D:3      | Gained mutation: A weak demonic guardian rushes to your
                  | aid. [demonic ancestry]
  1510 | D:3      | Reached XP level 4. HP: 12/38 MP: 4/4
  1940 | D:4      | Noticed Blork the orc
  1958 | D:4      | Mangled by Blork the orc

Illustrated notes

Levels and vault maps discovered:
D:1:      dpeg_arrival_orchard, layout_basic
D:2:      layout_rooms
D:3:      layout_rooms, st_stairs_14, minmay_misc_feat_square,
          minmay_tree_intersection
D:4:      layout_cave_pools, makhleb_altar_promises_db, uniq_menkaure,
          uniq_crazy_yiuf_cottage, uniq_blork_the_orc, uniq_pikel

Skill      XL: |  1  2  3 |
---------------+----------+-----
Short Blades   | 3 |  3.0
Fighting       | 3 4 |  4.3
Dodging        | 3 |  3.0
Throwing       | 2 |  2.0
Stealth        | |  0.2

Action                     |  1- 3 |  4- 6 || total
---------------------------+-------+-------++-------
  Melee: Rapier            |   125 |       ||   125
         Punch             |     1 |       ||     1
         Dagger            |       |    15 ||    15
  Throw: Stone             |    14 |       ||    14
         Dart              |       |     2 ||     2
   Stab: Sleeping          |     1 |       ||     1
 Armour: Leather armour    |    32 |     3 ||    35
  Dodge: Dodged            |    70 |     5 ||    75
  Block: Other             |    13 |     2 ||    15

Table legend: (Time is in decaauts)
 A = Elapsed time spent in this place.
 B = Non-inter-level travel time spent in this place.
 C = Inter-level travel time spent in this place.
 D = Time resting spent in this place.
 E = Time spent auto-exploring this place.
 F = Levels seen in this place.
 G = Mean time per level.
                   A        B        C        D        E       F      G
               +--------+--------+--------+--------+--------+-----+--------+
         Total |   1961 |   1801 |    160 |    206 |   1111 |   4 |  490.2 |
       Dungeon |   1961 |   1801 |    160 |    206 |   1111 |   4 |  490.2 |
               +--------+--------+--------+--------+--------+-----+--------+

Top non-repeatable levels by time:
     D:1: 881 daAuts
     D:3: 557 daAuts
     D:2: 504 daAuts
     D:4: 17 daAuts
